 Dungeon Crawl Stone Soup version 0.19-a0-1107-gc676ff4 (webtiles) character file.

68 4thArraOfDagon the Chopper (level 4, 2/40 HPs)
             Began as a Hill Orc Monk on Aug 9, 2016.
             Quit the game on level 6 of the Dungeon.
             The game lasted 00:03:12 (480 turns).

4thArraOfDagon the Chopper (Hill Orc Monk)           Turns: 480, Time: 00:03:13

Health: 2/40       AC:  6    Str: 13    XL:     4   Next: 19%
Magic:  4/4        EV: 11    Int: 11    God:
Gold:   87         SH:  0    Dex: 13    Spells: 0 memorised, 3 levels left

rFire  . . .     SeeInvis .     a - +1 hand axe
rCold  . . .     Gourm    .     d - +0 ring mail
rNeg   . . .     Faith    .     (no shield)
rPois  .         Spirit   .     (no helmet)
rElec  .         Dismiss  .     (no cloak)
rCorr  .         Reflect  .     (no gloves)
SustAt .         Harm     .     b - +0 pair of boots
MR     .....                    (no amulet)
Stlth  +.........               (no ring)
                                (no ring)

@: drained
A: no striking features
a: no special abilities


You were on level 6 of the Dungeon.
You were not hungry.

You visited 1 branch of the dungeon, and saw 6 of its levels.

You collected 87 gold pieces.

Inventory:

Hand Weapons
 a - a +1 hand axe (weapon)
Armour
 b - a +0 pair of boots (worn)
 d - a +0 ring mail (worn)
Scrolls
 e - a scroll of remove curse
Comestibles
 c - 2 bread rations


   Skills:
 + Level 4.3(4.0) Fighting
 * Level 5.3(5.0) Axes
 + Level 1.9(1.6) Armour
 - Level 2.4(2.1) Dodging
 - Level 1.5(1.3) Stealth


You had 3 spell levels left.
You didn't know any spells.

Dungeon Overview and Level Annotations

Branches:
Dungeon (6/15)
 Temple: D:4-7

Altars:
Dithmenos
Pakellas


Message History

The orc wizard shouts!
The orc wizard moves out of view.
The orc wizard points at you and mumbles some strange words.
The magic dart hits you!
* * * LOW HITPOINT WARNING * * *
The wight hits you with a mace.
* * * LOW HITPOINT WARNING * * *
You feel drained.
* * * LOW HITPOINT WARNING * * *
Unknown command.
Throwing (i - inventory):
f - a throwing net (quivered)
Press: ? - help, Shift-Dir - straight line, f/p - orc wizard
Aim: an orc wizard, wielding a dagger and wearing a robe You throw a throwing net.
The throwing net hits the orc wizard.
The orc wizard is caught in the net!
The orc wizard struggles against the net.
The wight hits you with a mace.
* * * LOW HITPOINT WARNING * * *
Unknown command.
Are you sure you want to abandon this character and quit the game? (Confirm with "yes".)

.. #.# ... .. #?#
#######.# ##(# #.%
..#.# .... #.# #.#.#
.#.#####.###.#.#######
..$......(.....o@zz..#
.#.#####.###.#.#####.#
...............# #.#
.#.###...###o..#####.#
...#............z....#
.#.......###...#######
.#.......# #....
<................
.#.............###


You could see 2 wights and 2 orc wizards.

Vanquished Creatures
  An orc priest (D:5)
  Natasha (D:4)
  5 orcs
  2 hobgoblins
  A giant newt (D:5)
  2 kobolds (D:1)
12 creatures vanquished.

Notes
Turn   | Place    | Note
-------+----------+-------------------------------------------
     0 | D:1      | 4thArraOfDagon the Hill Orc Monk began the quest for the Orb.
     0 | D:1      | Reached XP level 1. HP: 19/19 MP: 1/1
   224 | D:3      | Reached XP level 2. HP: 26/27 MP: 2/2
   241 | D:4      | Reached skill level 1 in Armour
   310 | D:4      | Noticed Natasha
   322 | D:4      | Noticed a crimson imp
   324 | D:4      | Killed Natasha
   324 | D:4      | Reached XP level 3. HP: 4/33 MP: 3/3
   334 | D:4      | Found a shadowy altar of Dithmenos.
   340 | D:4      | Found an oddly glowing altar of Pakellas.
   367 | D:5      | Entered Level 5 of the Dungeon
   411 | D:5      | Reached skill level 5 in Axes
   411 | D:5      | Reached XP level 4. HP: 22/40 MP: 4/4
   479 | D:6      | HP: 2/40 [wight/mace (3)]
   480 | D:6      | Quit the game

Vault maps used:
D:1:      dpeg_arrival_rooms_a
D:3:      lemuel_upstairs_altar, gammafunk_temple_overflow_pools, first_bread
D:4:      amethyst_overflow_temple_binary, uniq_natasha
D:5:      basic_altar, lightli_church_of_beogh
D:6:      old_standard_altar, led_sif_pool, st_stairs_9

Skill      XL: |  1  2  3 |
---------------+----------+-----
Armour         | 1 |  1.9
Fighting       | 4 |  4.3
Axes           | 5 |  5.3
Dodging        | |  2.4
Stealth        | |  1.5

Action                   |  1- 3 |  4- 6 || total
-------------------------+-------+-------++-------
Melee: Hand axe          |    44 |    10 ||    54
Throw: Throwing net      |       |     2 ||     2
  Use: Scroll            |     3 |     1 ||     4
       Potion            |     2 |       ||     2
Armor: Robe              |     2 |       ||     2
       Ring mail         |     7 |     3 ||    10
       Skin              |     2 |     6 ||     8
Dodge: Dodged            |    12 |       ||    12
